 Dungeon Crawl Stone Soup version 0.32-a0-329-ge6c31236d6 (webtiles) character file.

Game seed: 15073269445280703352

2303 zeratav the Mimic (level 9, 0/61 HPs)
             Began as an Octopode Shapeshifter on Feb 16, 2024.
             Was an Initiate of Gozag.
             Slain by a killer bee (9 damage)
             ... on level 6 of the Dungeon.
             The game lasted 00:11:38 (7624 turns).

zeratav the Mimic (Octopode Shapeshifter)           Turns: 7624, Time: 00:11:39

Health: 0/61       AC:  1    Str: 22    XL:     9   Next: 40%
Magic:  9/9        EV: 18    Int: 11    God:    Gozag
Gold:   631        SH:  0    Dex: 16    Spells: 8/8 levels left

rFire   . .          .
                       - Unarmed
rCold   . . .        (shield currently unavailable)
rNeg    . . .        (helmet restricted)
rPois   .            (no amulet)
rElec   .            k - +6 ring of strength
rCorr   +            l - ring of resist corrosion
SInv    .            (no ring)
Will    .....        (no ring)
Stlth   +            (no ring)
HPRegen 0.30/turn    (no ring)
MPRegen 0.11/turn    (no ring)
                     (no ring)

%: no passive effects
@: lethally poisoned (0 -> -14), flux-form, glowing
A: glow, contaminating, almost no armour, amphibious, 8 rings, camouflage 1,
gelatinous body 1, (nimble swimmer 1), tentacles, agile 1
a: Begin Untransformation, Renounce Religion, Potion Petition, Call Merchant,
Bribe Branch


You were on level 6 of the Dungeon.
You worshipped Gozag.
Gozag was pleased with you.
You were something dangerously unstable.
You visited 2 branches of the dungeon, and saw 8 of its levels.
You also visited: Sewer.

You collected 678 gold pieces.
You paid 47 gold pieces to Gozag.


Innate Abilities, Weirdness & Mutations

You are something dangerously unstable.
You glow with magical radiation, making you easy to see and hit.
Foes you strike become dangerously contaminated with magical radiation.
You are incapable of wielding weapons or throwing items.
You cannot wear most types of armour.
You are amphibious.
You can wear up to eight rings at the same time.
Your skin changes colour to match your surroundings (Stealth+).
Your rubbery body absorbs attacks. (AC +1, EV +1)
((You are camouflaged when in or above water. (Stealth+)))
You have tentacles for arms and can constrict up to eight enemies at once.
You are agile. (Dex +4, Str/Int -1)


   Skills:
 + Level 5.6 Fighting
 + Level 3.1 Dodging
 + Level 3.9 Unarmed Combat
 - Level 10.0 Shapeshifting


You had 8 spell levels left.
You didn't know any spells.
Your spell library contained the following spells:

 Spells                   Type           Power      Damage    Failure   Level
 Freeze                   Ice            0%         1d3       34%         1
 Necrotise                Necr           0%         1d4       34%         1
 Call Imp                 Summ           0%         N/A       47%         2
 Lesser Beckoning         Tloc           0%         N/A       47%         2
 Sublimation of Blood     Necr           0%         N/A       47%         2
 Frozen Ramparts          Ice            0%         1d1       71%         3
 Gell's Gravitas          Tloc           0%         N/A       71%         3
 Hailstorm                Conj/Ice       0%         3d5       71%         3
 Teleport Other           Tloc           0%         N/A       71%         3
 Vampiric Draining        Necr           0%         2d6       71%         3
 Martyr's Knell           Necr/Summ      0%         N/A       98%         4
 Curse of Agony           Necr           0%         N/A       100%        5
 Summon Hydra             Summ           0%         N/A       100%        7
 Chain Lightning          Conj/Air       0%         N/A       100%        9
 Fire Storm               Conj/Fire      0%         5d1       100%        9
 Shatter                  Erth           0%         3d5*      100%        9

Inventory:

Hand Weapons
 x - the +1 rapier "Killer Klown's Peril" {spect, Fly Will+, short}
   (You took it off a centaur on level 6 of the Dungeon)

   Will+:     It increases your willpower.
   Fly:       It grants you flight.
Missiles
 p - 16 poisoned darts {throwing}
 q - a curare-tipped dart {=fthrowing}
Jewellery
 e - a ring of flight
   (You found it on level 1 of the Dungeon)
 k - a +6 ring of strength (left tentacle)
   (You found it on level 2 of the Dungeon)
 l - a ring of resist corrosion (right tentacle)
   (You found it on level 3 of the Dungeon)
 t - an amulet of faith {!P}
   (You found it on level 5 of the Dungeon)
Talismans
 b - a beast talisman
 c - a flux talisman (active)
 v - a maw talisman
   (You found it on level 1 of the Dungeon)
Wands
 m - a wand of mindburst (14) (quivered)
   (You found it on level 3 of the Dungeon)
Scrolls
 d - 2 scrolls of immolation {!r!r}
 i - 3 scrolls of teleportation {@r4}
 j - a scroll of enchant weapon
 n - a scroll of summoning
 o - a scroll of fog
 w - 2 scrolls of vulnerability {!r!r}
Potions
 a - a potion of haste {@q3}
 f - a potion of lignification {!q}
 h - a potion of cancellation
 r - a potion of degeneration {unknown}
 s - 4 potions of might
 u - 2 potions of curing {@q1}
 z - a potion of magic
 A - 2 potions of heal wounds {@q2}
 B - a potion of enlightenment {unknown}
 C - a potion of brilliance {unknown}

Dungeon Overview and Level Annotations

Branches:
Dungeon (7/15) Zot: 26532  Temple (1/1) D:4 Zot: 5977   Sewer (visited)

Altars:
Ashenzari
Cheibriados
Dithmenos
Elyvilon
Fedhas
Gozag
Hepliaklqana
Kikubaaqudgha
Makhleb
Nemelex Xobeh
Okawaru
Qazlal
Sif Muna
Trog
Uskayaw
Vehumet
Wu Jian
Xom
The Shining One

#....##.###.#############
#....##.##..# ###########
#....##.##.## #.....#....
#....##.##.## #.....'....
#...[##.....# #_..B.'..ß'
#....#####..# #.....'....
#.....###...# #.....#....
#.....##.y#.# ###########
#####......yph..# #...# #
#.......#....Y..# #...# #
#.......######).## #...#####
#.......# ##..####...##...
#.......########.)......##...
#.......#........[....#..#...
#.......#.###########.##.#...
#.......#.# #.##.....
#.......#.# ###+####...


You could see an ice beast, a hound and 2 killer bees.


Message History

The kobold shouts!
HP[-2]
You take 2 damage, and now have 45/61 hp.
You feel sick.
The killer bee is no longer distracted by gold.
You feel sick. The kobold brigand misses you.
The kobold is distracted by your dazzling golden aura.
HP[-1]
You take 1 damage, and now have 44/61 hp.
You feel sick.
HP[-1]
You take 1 damage, and now have 43/61 hp.
You feel sick.
The kobold throws a stone.
The stone closely misses you.
You feel sick.
You are no longer poisoned.
The kobold is no longer distracted by gold.
The kobold brigand throws a poisoned dart.
The poisoned dart closely misses you.
The killer bee is distracted by your dazzling golden aura.
HP[-1]
You take 1 damage, and now have 42/61 hp.
The kobold is no longer distracted by gold.
An ice beast comes into view.
A hound comes into view.
HP[+1]
The hound barks!
You tentacle-slap the hound but do no damage.
The hound begins to glow.
You grab the hound. You constrict the hound. The hound completely misses you.
HP[+1]
The killer bee buzzes angrily.
You tentacle-slap the hound.
The hound glows dangerously bright.
You squeeze the hound. You constrict the hound.
The killer bee completely misses you. The hound barely misses you.
The killer bee misses you. The hound bites you.
HP[-4]
You take 4 damage, and now have 40/61 hp.
You tentacle-slap the ice beast but do no damage.
The ice beast begins to glow.
You squeeze the ice beast. You constrict the hound. The killer bee stings you.
The kobold barely misses you. The killer bee barely misses you.
The hound misses you. The ice beast hits you. The ice beast freezes you!
* * * LOW HITPOINT WARNING * * *
The kobold brigand closely misses you.
HP[-19]
You take 19 damage, and now have 21/61 hp.
MASSIVE DAMAGE!! (PAUSE) Blink to where?
Press: ? - help, Q - select action, (/) - cycle Dir - move target You lose your grip on the hound.
As you read the scroll of blinking {!r}, it crumbles to dust.
HP[+1]
You climb upwards.
There is a stone staircase leading down here.
You start resting.
HP[+39]
Your hp is fully restored (61).
You climb downwards.
The killer bee closely misses you. The hound misses you.
The killer bee closely misses you. The ice beast hits you.
The ice beast freezes you! The hound misses you. The killer bee stings you.
The killer bee misses you. The ice beast completely misses you.
There is a stone staircase leading up, spattered with blood here.
HP[-14]
You take 14 damage, and now have 47/61 hp.
MASSIVE DAMAGE!! (PAUSE)
The killer bee barely misses you. The hound completely misses you.
The killer bee stings you.
You are poisoned.
The killer bee poisons you! The killer bee completely misses you.
The hound bites you but does no damage. The killer bee completely misses you.
The ice beast misses you.
You climb upwards.
You feel sick.
There is a stone staircase leading down here.
HP[-2]
You take 2 damage, and now have 45/61 hp.
You tentacle-slap the killer bee.
The killer bee begins to glow.
You grab the killer bee. You constrict the killer bee.
You feel sick. The killer bee stings you!
The killer bee stings you but does no damage.
The hound bites you. The killer bee stings you.
* * * LOW HITPOINT WARNING * * *
You are more poisoned.
The killer bee poisons you!
HP[-17]
You take 17 damage, and now have 28/61 hp.
MASSIVE DAMAGE!! (PAUSE)
You tentacle-slap the killer bee.
The killer bee glows dangerously bright.
You constrict the killer bee.
You feel sick. The killer bee stings you.
* * * LOW HITPOINT WARNING * * *
You are more poisoned.
The killer bee poisons you! The killer bee stings you.
* * * LOW HITPOINT WARNING * * *
The hound barely misses you. The ice beast hits you.
* * * LOW HITPOINT WARNING * * *
The ice beast freezes you!
* * * LOW HITPOINT WARNING * * *
The killer bee stings you!
You die...
Your body crumbles into a pile of gold.

Skill      XL: |  1  2  3  4  5  6  7  8  9 |
---------------+----------------------------+-----
Fighting       | 2 3 4 5 |  5.6
Shapeshifting  | 4 5 7 9 10 | 10.0
Dodging        | 3 |  3.1
Unarmed Combat | |  3.9

Action                     |  1- 3 |  4- 6 |  7- 9 || total
---------------------------+-------+-------+-------++-------
  Melee: Unarmed           |    51 |    88 |   260 ||   399
         Constrict         |    12 |    21 |    79 ||   112
         Tentacles         |     7 |     9 |    79 ||    95
         Punch             |       |     1 |       ||     1
  Evoke: Wand              |       |     6 |       ||     6
    Use: Potion            |       |     1 |     7 ||     8
         Scroll            |       |       |    10 ||    10
   Stab: Sleeping          |     5 |     6 |     4 ||    15
 Armour: Skin              |    15 |    34 |   111 ||   160
  Dodge: Dodged            |    18 |    36 |   196 ||   250
   Form: Flux              |       |       |     1 ||     1

Levels and vault maps discovered:
D:1:      giann_bridges, layout_loops_corners,
          hellmonk_ecumenical_altar_crossroads, hex_medium
D:2:      layout_basic
D:3:      layout_basic, lightli_sewer_entry_pipes, ebering_ghost_sewer_f,
          nicolae_figureground_sparkle
D:4:      layout_basic, minitemple, lemuel_temple_firewalk_b
D:5:      layout_basic, okawaru_altar_gauntlet_db
D:6:      layout_basic, slow_altar_2, uniq_eustachio
D:7:      layout_layer_cave, zin_treasury
Temple:   hellmonk_temple_flake

Notes
Turn   | Place    | Note
-------+----------+-------------------------------------------
     0 | D:1      | zeratav the Octopode Shapeshifter began the quest for the
                  | Orb.
     0 | D:1      | Reached XP level 1. HP: 13/13 MP: 1/1
     0 | D:1      | magus.rc [v1.9.6]
    39 | D:1      | Found a faded altar of an unknown god.
   152 | D:1      | Reached skill level 2 in Fighting
   152 | D:1      | Reached XP level 2. HP: 19/19 MP: 2/2
   279 | D:1      | You pick up a book of Annihilations and begin reading...
   279 | D:1      | You add the spells Chain Lightning, Fire Storm and Shatter
                  | to your library.
   335 | D:1      | Reached XP level 3. HP: 25/25 MP: 3/3
   465 | D:1      | Reached skill level 3 in Fighting
   490 | D:1      | You pick up a book of Frost and begin reading...
   490 | D:1      | You add the spells Freeze, Frozen Ramparts and Hailstorm to
                  | your library.
  1224 | D:2      | Reached XP level 4. HP: 33/33 MP: 4/4
  1357 | D:2      | Reached skill level 4 in Fighting
  1698 | D:3      | Found a runed translucent door.
  1700 | D:3      | Noticed SirDiesAlot's ghost (amateur OpAl)
  1727 | D:3      | You pick up a book of Blood and begin reading...
  1727 | D:3      | You add the spells Call Imp, Sublimation of Blood and
                  | Summon Hydra to your library.
  1799 | D:3      | Reached XP level 5. HP: 31/38 MP: 5/5
  1806 | D:3      | HP: 14/57 [poisoned by SirDiesAlot's ghost (sting)]
  1808 | D:3      | Killed SirDiesAlot's ghost
  1809 | D:3      | Reached skill level 5 in Fighting
  1809 | D:3      | Reached skill level 4 in Shapeshifting
  1809 | D:3      | Reached XP level 6. HP: 11/45 MP: 6/6
  1811 | D:3      | HP: 7/67 [poisoned by SirDiesAlot's ghost (sting)]
  1816 | D:3      | HP: 4/67 [poisoned by SirDiesAlot's ghost (sting)]
  1851 | D:3      | Found a runed translucent door.
  2247 | D:3      | HP: 11/45 [poisoned by an adder]
  2249 | D:3      | HP: 4/45 [river rat (8)]
  2285 | D:3      | Found a glowing drain.
  2290 | Sewer    | Entered a sewer
  2432 | Sewer    | Reached skill level 5 in Shapeshifting
  2474 | Sewer    | Reached XP level 7. HP: 32/50 MP: 7/7
  2734 | Sewer    | Reached skill level 6 in Shapeshifting
  2873 | Sewer    | Reached skill level 7 in Shapeshifting
  3931 | D:4      | Gained mutation: You are agile. (Dex +4, Str/Int -1)
                  | [potion of mutation]
  3931 | D:4      | Gained mutation: You are frail. (-10% HP) [potion of
                  | mutation]
  3931 | D:4      | Lost mutation: You are frail. (-10% HP) [potion of
                  | mutation]
  3982 | D:4      | You pick up a book of Displacement and begin reading...
  3982 | D:4      | You add the spells Lesser Beckoning, Gell's Gravitas and
                  | Teleport Other to your library.
  4290 | D:4      | Found a shimmering altar of Xom.
  4293 | D:4      | Found a radiant altar of Vehumet.
  4297 | D:4      | Found a shimmering blue altar of Sif Muna.
  4297 | D:4      | Found a white marble altar of Elyvilon.
  4300 | D:4      | Found a stormy altar of Qazlal.
  4301 | D:4      | Found a shadowy altar of Dithmenos.
  4302 | D:4      | Found a sparkling altar of Nemelex Xobeh.
  4574 | D:4      | Reached XP level 8. HP: 55/55 MP: 8/8
  4616 | D:4      | Found a staircase to the Ecumenical Temple.
  4625 | Temple   | Entered the Ecumenical Temple
  4636 | Temple   | Became a worshipper of Gozag Ym Sagoz the Greedy
  4857 | D:5      | Entered Level 5 of the Dungeon
  5150 | D:5      | You pick up a book of Necromancy and begin reading...
  5150 | D:5      | You add the spells Necrotise, Vampiric Draining, Martyr's
                  | Knell and Curse of Agony to your library.
  5500 | D:5      | Reached skill level 8 in Shapeshifting
  6014 | D:5      | Found an iron altar of Okawaru.
  6194 | D:6      | Noticed Eustachio
  6205 | D:6      | Killed Eustachio
  6206 | D:6      | Reached skill level 9 in Shapeshifting
  6209 | D:6      | Identified the +1 rapier "Killer Klown's Peril" {spect, Fly
                  | Will+}
  6519 | D:6      | Reached XP level 9. HP: 58/61 MP: 9/9
  6560 | D:6      | Reached skill level 10 in Shapeshifting
  6930 | D:6      | Found a snail-covered altar of Cheibriados.
  7386 | D:7      | Reached skill level 3 in Dodging
  7624 | D:6      | HP: 9/61 [ice beast (13)]
  7624 | D:6      | Slain by a killer bee

Vanquished Creatures
  Eustachio (D:6)
  The ghost of SirDiesAlot the Apothecary, an amateur OpAl (D:3)
  2 water moccasins (D:7)
  A sky beast (D:5)
  A black bear (D:6)
  A centaur (D:6)
  A phantom (D:5)
  2 bullfrogs
  2 brain worms (Sewer)
  4 kobold brigands (Sewer)
  A scorpion (D:6)
  A killer bee (D:7)
  3 hounds
  2 orc priests (D:6)
  2 jellies (D:5)
  3 iguanas
  A sleepcap (D:6)
  An orc wizard (D:6)
  8 gnolls (D:5)
  12 adders
  8 river rats
  2 shadow imps
  2 ufetubi (D:6)
  6 ribbon worms
  4 dart slugs
  16 orcs
  5 ball pythons
  7 bats
  4 endoplasms
  4 giant cockroaches
  7 goblins
  3 hobgoblins
  14 jackals
  8 kobolds
  5 quokkas
  2 frilled lizards (D:1)
  11 rats
158 creatures vanquished.

Table legend:
 A = Non-vault XP
 B = Vault XP
 C = Vault XP percentage of total XP
 D = Non-vault monster count
 E = Vault monster count
 F = Vault count percentage of total count
                 A         B        C        D         E       F
            +---------+---------+-------+---------+---------+-------
      Total |    2094 |    1196 |  36.4 |     113 |      45 |  28.5
            +---------+---------+-------+---------+---------+-------
        D:1 |      47 |       0 |   0.0 |      17 |       0 |   0.0
        D:2 |      88 |       0 |   0.0 |      22 |       0 |   0.0
        D:3 |      69 |     304 |  81.5 |      14 |      18 |  56.2
        D:4 |      53 |       0 |   0.0 |       6 |       0 |   0.0
        D:5 |     642 |      29 |   4.3 |      29 |       6 |  17.1
        D:6 |     723 |     197 |  21.4 |      19 |       1 |   5.0
        D:7 |     472 |       0 |   0.0 |       6 |       0 |   0.0
      Sewer |       0 |     666 | 100.0 |       0 |      20 | 100.0
            +---------+---------+-------+---------+---------+-------

Skill      XL: |  1  2  3  4  5  6  7  8  9 |
---------------+----------------------------+-----
Fighting       | 2 3 4 5 |  5.6
Shapeshifting  | 4 5 7 9 10 | 10.0
Dodging        | 3 |  3.1
Unarmed Combat | |  3.9

Action                     |  1- 3 |  4- 6 |  7- 9 || total
---------------------------+-------+-------+-------++-------
  Melee: Unarmed           |    51 |    88 |   260 ||   399
         Constrict         |    12 |    21 |    79 ||   112
         Tentacles         |     7 |     9 |    79 ||    95
         Punch             |       |     1 |       ||     1
  Evoke: Wand              |       |     6 |       ||     6
    Use: Potion            |       |     1 |     7 ||     8
         Scroll            |       |       |    10 ||    10
   Stab: Sleeping          |     5 |     6 |     4 ||    15
 Armour: Skin              |    15 |    34 |   111 ||   160
  Dodge: Dodged            |    18 |    36 |   196 ||   250
   Form: Flux              |       |       |     1 ||     1

Illustrated notes

Table legend:
 A = Kills in this place as a percentage of kills in the entire game.
 B = Kills by you in this place as a percentage of kills by you in the entire game.
 C = Kills by friends in this place as a percentage of kills by friends in the entire game.
 D = Other kills in this place as a percentage of other kills in the entire game.
 E = Experience gained in this place as a percentage of experience gained in the entire game.
 F = Experience gained in this place divided by the number of levels of this place that you have seen.
                   A       B       C       D       E      F
               +-------+-------+-------+-------+-------+----------------------
         Total | 100.0 | 100.0 |   N/A |   N/A | 100.0 | 365.6
       Dungeon |  87.3 |  87.3 |   N/A |   N/A |  79.8 | 374.9
         Sewer |  12.7 |  12.7 |   N/A |   N/A |  20.2 | 666.0
               +-------+-------+-------+-------+-------+----------------------

Table legend: (Time is in decaauts)
 A = Elapsed time spent in this place.
 B = Non-inter-level travel time spent in this place.
 C = Inter-level travel time spent in this place.
 D = Time resting spent in this place.
 E = Time spent auto-exploring this place.
 F = Levels seen in this place.
 G = Mean time per level.
                   A        B        C        D        E       F      G
               +--------+--------+--------+--------+--------+-----+--------+
         Total |   7582 |   7141 |    441 |    488 |   5425 |   9 |  842.4 |
       Dungeon |   6690 |   6271 |    419 |    377 |   4917 |   7 |  955.7 |
        Temple |     22 |      1 |     21 |      0 |      0 |   1 |   22.0 |
         Sewer |    870 |    870 |      0 |    111 |    508 |   1 |  870.0 |
               +--------+--------+--------+--------+--------+-----+--------+

Top non-repeatable levels by time:
     D:5: 1288 daAuts
     D:3: 1215 daAuts
     D:6: 1135 daAuts
     D:1: 993 daAuts
     D:4: 914 daAuts
   Sewer: 870 daAuts
     D:2: 808 daAuts
     D:7: 333 daAuts
  Temple: 22 daAuts
